 Dungeon Crawl Stone Soup version 0.31-a0-188-g5e087ee2ca (webtiles) character file.

Game seed: 1589838495245424093

295 porpoise the Shooter (level 6, -3/49 HPs)
             Began as a Barachi Hunter on June 24, 2023.
             Was an Initiate of Hepliaklqana.
             Slain by a gnoll
             ... wielding a +0 spear
              (6 damage)
             ... on level 4 of the Dungeon.
             The game lasted 00:12:31 (3254 turns).

porpoise the Shooter (Barachi Hunter)               Turns: 3254, Time: 00:12:32

Health: -3/49      AC:  4    Str: 13    XL:     6   Next: 34%
Magic:  6/6        EV: 12    Int:  9    God:    Hepliaklqana [......]
Gold:   171        SH:  0    Dex: 17    Spells: 5/5 levels left

rFire   . . .        a - +0 shortbow
rCold   + . .        (shield currently unavailable)
rNeg    . . .        c - +0 leather armour
rPois   .            (no helmet)
rElec   .            (no cloak)
rCorr   .            h - +0 pair of gloves
SInv    .            (no boots)
Will    .....        (no amulet)
Stlth   ++           g - ring of flight
HPRegen 0.28/turn    u - ring of protection from cold
MPRegen 0.10/turn

%: no passive effects
@: flying, invisible, slow
A: amphibious, slowness 1, strong legs 1, +LOS
a: Hop, Renounce Religion


You were on level 4 of the Dungeon.
You worshipped Hepliaklqana.
Hepliaklqana was noncommittal.
You visited 1 branch of the dungeon, and saw 4 of its levels.

You collected 171 gold pieces.

Inventory:

Hand Weapons
 a - a +0 shortbow (weapon)
 b - a +0 long sword
Missiles
 l - 6 boomerangs
 r - 7 poisoned darts
Armour
 c - a +0 leather armour (worn)
 h - a +0 pair of gloves (worn)
 t - an orb of energy
Jewellery
 g - a ring of flight (left hand)
 u - a ring of protection from cold (right hand)
Scrolls
 d - a scroll of poison
 e - a scroll of fog
 i - 2 scrolls of noise
 j - 3 scrolls of teleportation
 k - a scroll of butterflies
 w - a scroll of torment {unknown}
Potions
 f - 2 potions of resistance
 m - a potion of enlightenment
 n - 3 potions of brilliance {unknown}
 p - 2 potions of attraction {unknown}
 q - 3 potions of mutation
 s - a potion of haste {unknown}
 v - a potion of curing {unknown}


   Skills:
 + Level 4.3 Fighting
 * Level 6.0 Ranged Weapons
 - Level 2.1 Dodging
 + Level 3.0 Stealth


You had 5 spell levels left.
You didn't know any spells.
Your spell library contained the following spells:

 Spells                   Type           Power      Damage    Failure   Level
 Ozocubu's Armour         Ice            0%         N/A       83%         3
 Ozocubu's Refrigeration  Ice            0%         4d7       100%        7
 Chain Lightning          Conj/Air       0%         N/A       100%        9
 Fire Storm               Conj/Fire      0%         5d1       100%        9
 Shatter                  Erth           0%         3d5*      100%        9


Dungeon Overview and Level Annotations

Branches:
Dungeon (4/15)
 Temple: D:4-7

Altars:
Elyvilon
Fedhas
Hepliaklqana
Makhleb
Trog
Uskayaw
Vehumet
Xom


Innate Abilities, Weirdness & Mutations

You are amphibious.
You cover ground slowly.
You can hop short distances.
You have an extended range of vision and can be seen from far away.


Message History

The gnoll is heavily wounded.
The gnoll hits you with a +0 flail!
You are too injured to fight recklessly!
You are too injured to fight recklessly!
You are too injured to fight recklessly!
You shoot an arrow. The arrow barely misses the gnoll.
The arrow hits the gnoll but does no damage.
The gnoll is lightly wounded.
The gnoll barely misses you.
You shoot an arrow. The arrow closely misses the gnoll.
The arrow barely misses the gnoll.
The arrow hits the gnoll but does no damage.
The gnoll hits you with a +0 flail.
You shoot an arrow. The arrow closely misses the gnoll.
The arrow hits the gnoll.
The gnoll is moderately wounded.
The gnoll hits you with a +0 flail!
* * * LOW HITPOINT WARNING * * *
You shoot an arrow. The arrow hits the gnoll!
You kill the gnoll!
The gnoll closely misses you.
Your Ranged Weapons skill increases to level 6!
Your Stealth skill increases to level 3!
You shoot an arrow. The arrow hits the gnoll.
The gnoll is heavily wounded.
The gnoll misses you.
The gnoll hits you from afar with a +0 spear.
* * * LOW HITPOINT WARNING * * *
You shoot an arrow. The arrow barely misses the gnoll.
The arrow hits the gnoll!
The gnoll is heavily wounded.
The gnoll completely misses you. The gnoll barely misses you.
You shoot an arrow. The arrow hits the gnoll.
The gnoll is almost dead.
The gnoll closely misses you.
The gnoll hits you from afar with a +0 spear.
* * * LOW HITPOINT WARNING * * *
You fade into invisibility!
The gnoll hits you from afar with a +0 spear.
You die...

.<#.#+## #..#.......
#......# ##.........
#......# #####.......
#......# ....#.......
#......# ....#......[
######......####
....##'#####
#...........'... .g..+...
#...........#####....##.##
#......#....@ggg.# ####..#
#.....)#########.#
#.....###
#......'.........#
#.......#
#......#......####
#.......##
#......#......####
#....##...
##......#.........#
#....##...
#.....#.#.........#
#....#####
#.....#.#.........#
#......# #
#.....###########.#
#......#


You could see 3 gnolls.

Vanquished Creatures
  A jelly (D:4)
  An orc priest (D:3)
  3 orc wizards
  A gnoll (D:4)
  4 adders
  A worm (D:4)
  A dart slug (D:1)
  14 orcs
  7 endoplasms
  8 giant cockroaches
  11 goblins
  A hobgoblin (D:4)
  13 jackals
  3 quokkas (D:4)
  9 ball pythons
  3 bats
  3 frilled lizards (D:3)
  A kobold (D:4)
  5 rats
90 creatures vanquished.

Notes
Turn   | Place    | Note
-------+----------+-------------------------------------------
     0 | D:1      | porpoise the Barachi Hunter began the quest for the Orb.
     0 | D:1      | Reached XP level 1. HP: 17/17 MP: 1/1
    29 | D:1      | Reached skill level 1 in Stealth
   217 | D:1      | Reached XP level 2. HP: 22/23 MP: 2/2
   669 | D:1      | Reached XP level 3. HP: 28/28 MP: 3/3
  1396 | D:2      | Reached XP level 4. HP: 28/35 MP: 4/4
  1916 | D:3      | Reached skill level 5 in Ranged Weapons
  1976 | D:3      | Found a bloodstained altar of Trog.
  2101 | D:3      | Found a white marble altar of Elyvilon.
  2173 | D:3      | Reached XP level 5. HP: 6/42 MP: 5/5
  2530 | D:3      | Found a radiant altar of Vehumet.
  2535 | D:3      | Found a hazy altar of Hepliaklqana.
  2535 | D:3      | Found a hide-covered altar of Uskayaw.
  2535 | D:3      | Found a burning altar of Makhleb.
  2536 | D:3      | Found a shimmering altar of Xom.
  2556 | D:3      | Became a worshipper of Hepliaklqana the Forgotten
  2927 | D:4      | Reached XP level 6. HP: 48/48 MP: 6/6
  2936 | D:4      | Found a blossoming altar of Fedhas.
  3251 | D:4      | Reached skill level 6 in Ranged Weapons
  3254 | D:4      | Slain by a gnoll

Illustrated notes

Levels and vault maps discovered:
D:1:      psy_arrival_wood_between_worlds, layout_basic
D:2:      layout_basic
D:3:      layout_rooms, minitemple, nicolae_overflow_squiral
D:4:      layout_basic, fedhas_altar_3, portal_sewer_entry_f

Skill      XL: |  1  2  3  4  5  6 |
---------------+-------------------+-----
Stealth        | 1 2 3 |  3.0
Fighting       | 3 4 |  4.3
Ranged Weapons | 5 6 |  6.0
Dodging        | |  2.1

Action                     |  1- 3 |  4- 6 || total
---------------------------+-------+-------++-------
   Fire: Shortbow          |    82 |   210 ||   292
    Use: Scroll            |     7 |     4 ||    11
         Potion            |       |     2 ||     2
 Armour: Leather armour    |    14 |    31 ||    45
  Dodge: Dodged            |    27 |    68 ||    95

Table legend: (Time is in decaauts)
 A = Elapsed time spent in this place.
 B = Non-inter-level travel time spent in this place.
 C = Inter-level travel time spent in this place.
 D = Time resting spent in this place.
 E = Time spent auto-exploring this place.
 F = Levels seen in this place.
 G = Mean time per level.
                   A        B        C        D        E       F      G
               +--------+--------+--------+--------+--------+-----+--------+
         Total |   3717 |   3565 |    152 |    761 |   2031 |   4 |  929.2 |
       Dungeon |   3717 |   3565 |    152 |    761 |   2031 |   4 |  929.2 |
               +--------+--------+--------+--------+--------+-----+--------+

Top non-repeatable levels by time:
     D:1: 1104 daAuts
     D:3: 1102 daAuts
     D:2: 767 daAuts
     D:4: 744 daAuts
